AoeStats
← king_espo

MegaRandom

510764414Analyzed
3v3 RM · 10h ago on Oct 2, 2026· 24m 52s· 6 players
Game mode
Random Map
Map size
Normal (6 player)
Population
200
Speed
Normal
Resources
Standard
Victory
Conquest
Starting age
Dark Age
Ending age
Imperial Age
RankedLock teamsTeams togetherTeam positionsShared explorationLock speedFull tech treeHidden civsTurbo modeCheats
Victory
Defeat
🇦🇺 Jurchens · Australia
1349
+12
🇯🇵 Burgundians · Japan
1262
+16
🇩🇪 Lithuanians · Germany
1160
+21
🇺🇸 Khmer · United States
1296
-18
🇺🇸 Slavs · United States
1249
-16
🇺🇸 Spanish · United States
1234
-15
LoomOrDoom
7:02 Double-Bit Axe
10:04 Fishing Lines
10:19 Loom
12:36 Feudal Age
16:02 Castle Age
14:46 Gillnets
15:09 Bow Saw
16:42 Fletching
17:34 Medium Warships
17:53 Bodkin Arrow
19:26 Two-Man Saw
22:21 Forging
24:15 Redemption
24:25 Sanctity
25:17 Stone Mining
Luca
11:23 Loom
13:08 Feudal Age
14:35 Town Watch
14:42 Double-Bit Axe
17:43 Castle Age
15:54 Fishing Lines
17:01 Double-Bit Axe
17:07 Gold Mining
18:40 Gillnets
20:05 Wheelbarrow
19:53 Padded Archer Armor
21:30 Scale Barding Armor
21:35 Forging
Hemsy124
6:49 Loom
11:33 Feudal Age
15:05 Castle Age
16:33 Scale Barding Armor
16:44 Bloodlines
19:13 Double-Bit Axe
19:17 Horse Collar
23:20 Chain Barding Armor
Turtletamer11
11:33 Feudal Age
10:17 Loom
12:28 Double-Bit Axe
14:58 Castle Age
15:18 Forging
16:03 Medium Warships
18:02 Horse Collar
20:37 Bow Saw
king_espo
8:09 Loom
10:35 Feudal Age
14:25 Castle Age
12:54 Double-Bit Axe
20:29 Fishing Lines
21:03 Herbal Medicine
22:32 Bow Saw
Yoking
11:09 Feudal Age
12:54 Loom
15:27 Castle Age
13:29 Fishing Lines
14:46 Horse Collar
14:55 Double-Bit Axe
17:31 Gillnets
18:10 Medium Warships
22:25 Demolition Ship
23:43 Husbandry
Connection lost

Rejoining the realm…

Still unreachable

The connection could not be restored.

Session expired

The server has moved on; the page needs a fresh start.